3158 views
Uploaded 2020-04-22 13:24:14
Game version 1.32.3
7:28 long 2on2 ladder game on (4)TidewaterGlades_LV
Saved by zebroni
3158 views
Uploaded 2020-04-22 13:24:14
Game version 1.32.3
7:28 long 2on2 ladder game on (4)TidewaterGlades_LV
/ 0.1k
20 buildings @ 3.3k
/ 1.3k

| Wisp | 13 | 780 | / | 0 |
| Archer | 5 | 650 | / | 50 |
| total: | 18 | 1430g | / | 50w |
| Altar of Elders | 1 | 180 | / | 50 |
| Moon Well | 4 | 720 | / | 160 |
| Ancient of War | 1 | 150 | / | 60 |
| Hunter's Hall | 1 | 210 | / | 100 |
| Ancient of Wonders | 1 | 90 | / | 30 |
| Ancient of Lore | 2 | 310 | / | 290 |
| Tree of Ages | 1 | 320 | / | 180 |
| Tree of Eternity | 1 | 330 | / | 200 |
| total: | 10 | 1660g | / | 690w |
| 0:02 | Wisp |
| 0:02 | Wisp |
| 0:08 | Altar of Elders |
| 0:17 | Moon Well |
| 0:21 | Wisp |
| 0:21 | Wisp |
| 0:35 | Wisp |
| 0:49 | Wisp |
| 0:49 | Wisp |
| 0:49 | Wisp |
| 1:04 | Wisp |
| 1:34 | Wisp |
| 1:40 | Ancient of War |
| 1:45 | Wisp |
| 1:50 | Moon Well |
| 1:56 | Wisp |
| 2:13 | Entangling Roots |
| 3:05 | Archer |
| 3:05 | Archer |
| 3:13 | Tree of Ages |
| 3:16 | Hunter's Hall |
| 3:38 | Archer |
| 3:38 | Archer |
| 3:54 | Archer |
| 4:03 | Moon Well |
| 4:22 | Ancient of Wonders |
| 4:29 | Force of Nature |
| 6:13 | Ancient of Lore |
| 6:14 | Wisp |
| 6:16 | Ancient of Lore |
| 6:47 | Tree of Eternity |
| 6:50 | Moon Well |


| Peon | 7 | 525 | / | 0 |
| Grunt | 5 | 1000 | / | 0 |
| total: | 12 | 1525g | / | 0w |
| Altar of Storms | 1 | 180 | / | 50 |
| Orc Burrow | 4 | 640 | / | 160 |
| Barracks | 1 | 180 | / | 50 |
| Voodoo Lounge | 1 | 130 | / | 30 |
| War Mill | 1 | 205 | / | 0 |
| Beastiary | 1 | 145 | / | 140 |
| Spirit Lodge | 1 | 150 | / | 150 |
| Stronghold | 1 | 315 | / | 190 |
| Fortress | 1 | 325 | / | 190 |
| total: | 10 | 1630g | / | 580w |
| 0:02 | Peon |
| 0:02 | Peon |
| 0:07 | Altar of Storms |
| 0:18 | Orc Burrow |
| 0:25 | Peon |
| 0:34 | Barracks |
| 0:43 | Peon |
| 0:52 | Peon |
| 1:14 | Peon |
| 1:31 | Orc Burrow |
| 1:36 | Grunt |
| 1:44 | Peon |
| 2:06 | Feral Spirit |
| 2:13 | Voodoo Lounge |
| 2:23 | Grunt |
| 3:11 | Stronghold |
| 3:12 | Grunt |
| 3:58 | Grunt |
| 4:06 | Orc Burrow |
| 4:29 | Chain Lighting |
| 5:45 | Feral Spirit |
| 6:01 | Frost Arrows |
| 6:03 | Fortress |
| 6:08 | Beastiary |
| 6:09 | Berserker Strength |
| 6:44 | War Mill |
| 6:46 | Orc Burrow |
| 6:51 | Grunt |
| 7:13 | Spirit Lodge |
29 units @ 4.3k
/ 0.5k
20 buildings @ 2.6k
/ 0.9k

| Rod of Necromancy | 1 | 150 |
| total: | 1 | 150g |
| Acolyte | 2 | 150 | / | 0 |
| Ghoul | 3 | 360 | / | 0 |
| Crypt Fiend | 7 | 1505 | / | 280 |
| total: | 12 | 2015g | / | 280w |
| Altar of Darkness | 1 | 180 | / | 50 |
| Crypt | 1 | 200 | / | 50 |
| Ziggurat | 3 | 450 | / | 150 |
| Tomb of Relics | 1 | 130 | / | 30 |
| Graveyard | 1 | 215 | / | 0 |
| Slaughterhouse | 1 | 140 | / | 135 |
| Halls of the Dead | 1 | 320 | / | 210 |
| total: | 8 | 1315g | / | 415w |
| 0:05 | Acolyte |
| 0:07 | Altar of Darkness |
| 0:12 | Crypt |
| 0:17 | Ziggurat |
| 0:22 | Acolyte |
| 0:39 | Tomb of Relics |
| 1:14 | Ghoul |
| 1:28 | Ziggurat |
| 1:30 | Ghoul |
| 1:46 | Graveyard |
| 1:57 | Ghoul |
| 2:10 | Rod of Necromancy |
| 2:13 | Death Coil |
| 3:09 | Crypt Fiend |
| 3:32 | Crypt Fiend |
| 3:48 | Halls of the Dead |
| 4:08 | Crypt Fiend |
| 4:32 | Ziggurat |
| 4:53 | Crypt Fiend |
| 5:07 | Crypt Fiend |
| 5:46 | Crypt Fiend |
| 6:33 | Crypt Fiend |
| 6:39 | Slaughterhouse |
| 7:01 | Unholy Aura |

| Scroll of Regeneration | 1 | 100 |
| total: | 1 | 100g |
| Peasant | 9 | 675 | / | 0 |
| Rifleman | 8 | 1640 | / | 240 |
| total: | 17 | 2315g | / | 240w |
| Scout Tower | 1 | 30 | / | 20 |
| Arcane Tower | 1 | 70 | / | 50 |
| Altar of Kings | 1 | 180 | / | 50 |
| Farm | 6 | 480 | / | 120 |
| Blacksmith | 1 | 140 | / | 60 |
| Barracks | 1 | 160 | / | 60 |
| Arcane Vault | 1 | 130 | / | 30 |
| Arcane Sanctum | 1 | 150 | / | 140 |
| Keep | 1 | 320 | / | 210 |
| total: | 12 | 1270g | / | 480w |
| 0:02 | Peasant |
| 0:08 | Altar of Kings |
| 0:10 | Farm |
| 0:20 | Peasant |
| 0:33 | Peasant |
| 0:41 | Peasant |
| 0:42 | Peasant |
| 1:02 | Farm |
| 1:05 | Farm |
| 1:07 | Peasant |
| 1:36 | Farm |
| 1:41 | Peasant |
| 1:43 | Peasant |
| 1:56 | Blacksmith |
| 1:59 | Barracks |
| 2:20 | Scout Tower |
| 2:24 | Farm |
| 2:28 | Summon Water Elemental |
| 2:35 | Peasant |
| 2:44 | Arcane Tower |
| 3:16 | Rifleman |
| 3:36 | Arcane Vault |
| 3:41 | Rifleman |
| 3:59 | Rifleman |
| 4:09 | Keep |
| 4:25 | Rifleman |
| 4:52 | Rifleman |
| 5:17 | Rifleman |
| 5:49 | Rifleman |
| 5:50 | Rifleman |
| 5:59 | Brilliance Aura |
| 6:31 | Arcane Sanctum |
| 6:38 | Scroll of Regeneration |
| 6:47 | Long Rifles |
| 7:07 | Farm |
⇛